 Dungeon Crawl Stone Soup version 0.31.0-11-ge490571c62 (webtiles) character file.

Game seed: 6506804577680662130

114 qw the Skirmisher (level 4, -2/25 HPs)
             Began as a Deep Elf Hunter on Feb 3, 2024.
             Slain by a gnoll
             ... wielding a +0 spear
              (7 damage)
             ... on level 3 of the Dungeon.
             The game lasted 00:00:36 (1569 turns).

qw the Skirmisher (Deep Elf Hunter)                 Turns: 1569, Time: 00:00:37

Health: -2/25      AC:  5    Str: 16    XL:     4   Next: 66%
Magic:  6/6        EV: 12    Int: 14    God:
Gold:   83         SH:  0    Dex: 18    Spells: 3/3 levels left

rFire   . . .        a - +0 shortbow
rCold   . . .        (shield currently unavailable)
rNeg    . . .        c - +0 leather armour
rPois   .            (no helmet)
rElec   .            b - +1 cloak
rCorr   .            (no gloves)
SInv    .            (no boots)
Will    .....        (no amulet)
Stlth   ++           e - +6 ring of strength
HPRegen 0.24/turn    (no ring)
MPRegen 0.10/turn

%: no passive effects
@: about to teleport
A: no striking features
a: no special abilities


You were on level 3 of the Dungeon.
You visited 1 branch of the dungeon, and saw 3 of its levels.

You collected 167 gold pieces.
You spent 84 gold pieces at shops.


   Skills:
 - Level 1.5 Fighting
 - Level 8.1 Ranged Weapons
 + Level 2.4 Dodging
 - Level 1.2 Stealth


You had 3 spell levels left.
You didn't know any spells.
Your spell library was empty.

Inventory:

Hand Weapons
 a - a +0 shortbow (weapon)
Armour
 b - a +1 cloak (worn)
 c - a +0 leather armour (worn)
 k - a +0 scale mail
Jewellery
 e - a +6 ring of strength (left hand)
 i - a ring of fire
Wands
 f - a wand of polymorph (7)
Scrolls
 j - a scroll of teleportation
 l - a scroll of fear {unknown}
Potions
 d - a potion of curing
 g - a potion of invisibility {unknown}
 h - a potion of brilliance {unknown}
 m - 2 potions of heal wounds {unknown}

Dungeon Overview and Level Annotations

Branches:
Dungeon (3/15)

Altars:

Shops:
D:2 ?(


Message History

The arrow hits the gnoll but does no damage.
The gnoll barely misses you.
You shoot an arrow. The arrow hits the gnoll!
The gnoll is severely wounded.
The gnoll barely misses you.
You shoot an arrow.
The arrow hits the gnoll but does no damage.
The gnoll is severely wounded.
The gnoll closely misses you.
You shoot an arrow. The arrow hits the gnoll!
You kill the gnoll!
You shoot an arrow. The arrow closely misses the gnoll.
The arrow barely misses the gnoll.
The gnoll closely misses you.
You shoot an arrow. The arrow hits the gnoll.
The gnoll is severely wounded.
The gnoll hits you with a +0 whip!
You shoot an arrow. The arrow hits the gnoll!
You kill the gnoll!
The kobold throws a stone.
The stone closely misses you.
You shoot an arrow. The arrow closely misses the gnoll.
The gnoll barely misses you.
You shoot an arrow. The arrow barely misses the gnoll.
The arrow closely misses the kobold.
The gnoll hits you with a +0 club.
You shoot an arrow. The arrow hits the gnoll.
The gnoll is almost dead.
The gnoll hits you but does no damage. The gnoll hits you with a +0 club.
You shoot an arrow. The arrow hits the gnoll.
You kill the gnoll!
The gnoll closely misses you.
The kobold throws a stone.
The stone hits you.
Your Ranged Weapons skill increases to level 8!
You shoot an arrow. The arrow hits the gnoll!
The gnoll is heavily wounded.
The gnoll hits you from afar with a +0 spear.
1569 ||| READING 2 scrolls of teleportation.
As you read the scroll of teleportation, it crumbles to dust.
You feel strangely unstable.
The gnoll hits you from afar with a +0 spear!
You die...

###..# #..... #...## #...#.
#..##. + +>.... .+ +.....
#####g# #..... ######..@K.#
#..... #......#####
++###..#.. ###.#..####
...#...#..
#.#.....#####.#........
#....#.................
#.####.#.##.###......#......
#........##.# ###..###.##...
######...##.# #...........
#..###.#####..##.......


You could see a gnoll and a kobold.

Vanquished Creatures
  3 gnolls (D:3)
  2 adders (D:2)
  A dart slug (D:1)
  A ribbon worm (D:2)
  10 endoplasms
  3 giant cockroaches
  6 hobgoblins
  5 jackals
  2 quokkas
  A ball python (D:2)
  3 bats
  2 frilled lizards
  4 goblins
  7 kobolds
  5 rats
55 creatures vanquished.

Notes
Turn   | Place    | Note
-------+----------+-------------------------------------------
     0 | D:1      | qw the Deep Elf Hunter began the quest for the Orb.
     0 | D:1      | Reached XP level 1. HP: 12/12 MP: 3/3
     0 | D:1      | 0 ||| qw: Version: 0.3-a-155-g5e7d8dd
     0 | D:1      | 0 ||| qw: Game counter: 3245
     0 | D:1      | 0 ||| qw: Melee chars always use a shield: true
     0 | D:1      | 0 ||| qw: God list: Okawaru
     0 | D:1      | 0 ||| qw: Allow faded altars: false
     0 | D:1      | 0 ||| qw: Do Orc after clearing Dungeon:15 true
     0 | D:1      | 0 ||| qw: Do second Lair branch before Depths: true
     0 | D:1      | 0 ||| qw: Lair rune preference: random
     0 | D:1      | 0 ||| qw: Goals: Normal
     0 | D:1      | 0 ||| PLANNING D:1-11
     3 | D:1      | You fall into a shaft and drop 1 floor!
   145 | D:2      | 145 ||| DROPPING scroll of butterflies.
   153 | D:2      | 153 ||| STAIRDANCE
   184 | D:1      | Reached skill level 6 in Ranged Weapons
   184 | D:1      | Reached XP level 2. HP: 16/16 MP: 4/4
   523 | D:1      | Reached XP level 3. HP: 20/20 MP: 5/5
   695 | D:1      | 695 ||| UPGRADING to +0 cloak.
   700 | D:1      | 700 ||| UPGRADING to +6 ring of strength.
   701 | D:1      | 701 ||| READING scroll labelled KEUTZAOCAC.
   701 | D:1      | 701 ||| IDENTIFYING pink potion
   702 | D:1      | 702 ||| READING scroll labelled NODAMM LOQAYR.
   815 | D:2      | Found a faded altar of an unknown god.
   891 | D:2      | Reached skill level 7 in Ranged Weapons
  1068 | D:2      | Found Regok Gedi's Antique Weapon Shoppe.
  1163 | D:2      | Found The Oracle's Delphic Readings.
  1169 | D:2      | 1169 ||| BUYING scroll of teleportation (42 gold).
  1169 | D:2      | Bought a scroll of teleportation for 42 gold pieces
  1169 | D:2      | 1169 ||| BUYING scroll of teleportation (42 gold).
  1169 | D:2      | Bought a scroll of teleportation for 42 gold pieces
  1182 | D:2      | Reached XP level 4. HP: 20/25 MP: 6/6
  1215 | D:2      | 1215 ||| READING scroll labelled QEEVAH SIELA.
  1215 | D:2      | 1215 ||| ENCHANTING +0 cloak.
  1216 | D:2      | 1216 ||| READING scroll labelled JICHA DUMPEICH.
  1568 | D:3      | Reached skill level 8 in Ranged Weapons
  1568 | D:3      | HP: 5/25 [gnoll/+0 spear (5)]
  1569 | D:3      | 1569 ||| READING 2 scrolls of teleportation.
  1569 | D:3      | Slain by a gnoll

Levels and vault maps discovered:
D:1:      onia_arrival_pyramid, layout_basic
D:2:      layout_rooms, basic_ecumenical_altar, serial_shops, shop_fountains,
          grunt_decor_clamped, chequers_arboretum, nicolae_nh_oracle_at_delphi
D:3:      layout_basic, serial_shops, nicolae_shop_tiny_waterfront, shop,
          nicolae_shop_statue_plus, kennysheep_generic_room_12

Skill      XL: |  1  2  3  4 |
---------------+-------------+-----
Ranged Weapons | 6 7 8 |  8.1
Fighting       | |  1.5
Dodging        | |  2.4
Stealth        | |  1.2

Action                     |  1- 3 |  4- 6 || total
---------------------------+-------+-------++-------
   Fire: Shortbow          |   129 |    39 ||   168
    Use: Scroll            |     2 |     3 ||     5
 Armour: Leather armour    |    30 |    11 ||    41
  Dodge: Dodged            |    37 |     8 ||    45

Table legend:
 A = Non-vault XP
 B = Vault XP
 C = Vault XP percentage of total XP
 D = Non-vault monster count
 E = Vault monster count
 F = Vault count percentage of total count
                 A         B        C        D         E       F
            +---------+---------+-------+---------+---------+-------
      Total |     159 |       4 |   2.5 |      53 |       2 |   3.6
            +---------+---------+-------+---------+---------+-------
        D:1 |      38 |       0 |   0.0 |      19 |       0 |   0.0
        D:2 |      58 |       4 |   6.5 |      20 |       2 |   9.1
        D:3 |      63 |       0 |   0.0 |      14 |       0 |   0.0
            +---------+---------+-------+---------+---------+-------
